AoeStats
← AOELG_bravedave92

Arabia

510303421Analyzed
1v1 RM · 3d ago on Sep 30, 2026· 47m 38s· 2 players
Game mode
Random Map
Map size
Tiny (2 player)
Population
200
Speed
Normal
Resources
Standard
Victory
Conquest
Starting age
Dark Age
Ending age
Imperial Age
RankedLock teamsTeams togetherTeam positionsShared explorationLock speedFull tech treeHidden civsTurbo modeCheats
Victory
Defeat
🇺🇸 Hindustanis · United States
931
+15
🇩🇪 Persians · Germany
911
-15
AOELG_bravedave92
7:11 Loom
9:21 Feudal Age
10:53 Double-Bit Axe
12:19 Fletching
14:56 Forging
15:24 Bloodlines
22:55 Castle Age
21:47 Horse Collar
23:13 Scale Barding Armor
23:33 Bow Saw
26:05 Iron Casting
25:30 Bodkin Arrow
24:57 Crossbowman
27:43 Wheelbarrow
27:37 Pikeman
30:34 Scale Mail Armor
30:36 Padded Archer Armor
31:35 Chain Mail Armor
32:55 Iron Casting
34:05 Kamandaran
34:50 Squires
34:37 Arson
35:28 Ballistics
35:50 Leather Archer Armor
35:59 Heavy Plow
37:45 Hand Cart
39:21 Gold Mining
40:20 Chain Barding Armor
43:54 Imperial Age
42:30 Elite Skirmisher
43:20 Thumb Ring
43:57 Stone Mining
44:52 Conscription
45:41 Ring Archer Armor
47:11 Chemistry
47:07 Stone Shaft Mining
exki6160
10:31 Feudal Age
10:59 Double-Bit Axe
12:06 Horse Collar
12:35 Loom
16:08 Forging
18:12 Bloodlines
20:48 Wheelbarrow
23:52 Castle Age
25:04 Gold Mining
25:43 Hand Cart
26:19 Husbandry
26:28 Scale Barding Armor
26:42 Bow Saw
28:12 Chain Barding Armor
29:44 Iron Casting
34:19 Padded Archer Armor
37:10 Imperial Age
35:47 Grand Trunk Road
36:56 Leather Archer Armor
38:56 Chemistry
37:26 Heavy Camel Rider
41:23 Ring Archer Armor
41:41 Conscription
43:07 Imperial Camel Rider
45:38 Blast Furnace
45:14 Plate Barding Armor
45:21 Town Watch
46:15 Scale Mail Armor
Connection lost

Rejoining the realm…

Still unreachable

The connection could not be restored.

Session expired

The server has moved on; the page needs a fresh start.